[Event "ICC tourney 2530 (3 2)"]
[Site "Internet Chess Club"]
[Date "2021.04.23"]
[Round "7"]
[White "JOSHUA RAJESH, AADITYA:K09-16964021"]
[Black "SHAH, ARSH:K09-17096480"]
[Result "1-0"]
[ICCResult "Black forfeits on time"]
[WhiteElo "1400"]
[BlackElo "1400"]
[Opening "Giuoco Piano"]
[ECO "C50"]
[NIC "IG.02"]
[Time "19:47:31"]
[PlyCount "107"]
[TimeControl "180+2"]

1. e4 e5 2. Nf3 Nc6 3. Bc4 Bc5 4. O-O Nf6 5. Nc3 d6 6. h3 h6 7. d3 O-O 8.
Be3 Bb6 9. a4 Be6 10. Bb3 Bxb3 11. cxb3 Qd7 12. Nb5 Rad8 13. Bxb6 axb6 14.
Rc1 Rfe8 15. Re1 Nh7 16. Qd2 Nf6 17. b4 Ra8 18. b3 Rac8 19. Qb2 Nxb4 20.
Qd2 Nc6 21. d4 exd4 22. Nfxd4 Nxe4 23. Rxe4 Rxe4 24. Nxc6 bxc6 25. Na7 Rce8
26. Nxc6 Re2 27. Qc3 Qf5 28. f3 Qc5+ 29. Qxc5 dxc5 30. Na7 Re1+ 31. Rxe1
Rxe1+ 32. Kf2 Rb1 33. Nb5 Rxb3 34. Nxc7 Ra3 35. Nd5 Rxa4 36. Nxb6 Rb4 37.
Nd5 Rd4 38. Ne3 Rd8 39. Ke2 f5 40. Nxf5 c4 41. Ne3 c3 42. Ke1 Kf7 43. Nc2
Rd2 44. Ne3 Ra2 45. Kd1 Ra8 46. Kc2 Rc8 47. Nd5 Kg6 48. Nxc3 Kh5 49. g3 Rf8
50. f4 Re8 51. Kd3 Re1 52. Ne4 Rh1 53. h4 Kg4 54. Nf2+ { Black forfeits on
time } 1-0

[Event "ICC tourney 2530 (3 2)"]
[Site "Internet Chess Club"]
[Date "2021.04.23"]
[Round "7"]
[White "BENDRE, SOHAN ANUP:K12-14940058"]
[Black "KRISHNAN, SAATVIK:K09-15210955"]
[Result "1-0"]
[ICCResult "Black checkmated"]
[WhiteElo "1400"]
[BlackElo "1400"]
[Opening "Ruy Lopez: Anderssen variation"]
[ECO "C77"]
[NIC "RL.12"]
[Time "19:47:16"]
[PlyCount "135"]
[TimeControl "180+2"]

1. e4 e5 2. Nf3 Nc6 3. Bb5 a6 4. Ba4 Nf6 5. d3 b5 6. Bb3 Be7 7. c3 O-O 8.
O-O d5 9. exd5 Nxd5 10. Re1 Bf6 11. Nbd2 Bg4 12. Ne4 Be7 13. h3 Bh5 14. Ng3
Bg6 15. Nxe5 Nxe5 16. Rxe5 Nf6 17. d4 Bd6 18. Re3 Bf4 19. Rf3 Bxg3 20. Rxg3
Ne4 21. Re3 Qf6 22. Qe2 Rae8 23. Rf3 Bh5 24. Rxf6 Bxe2 25. Rxa6 b4 26. Rc6
Bb5 27. Rxc7 bxc3 28. bxc3 Rc8 29. Bxf7+ Kh8 30. Rxc8 Rxc8 31. Bb2 Rf8 32.
Bd5 Nxf2 33. Kh2 Nd3 34. Bc1 Rf1 35. Bb2 Nxb2 36. Rxf1 Bxf1 37. Kg3 g6 38.
Kf4 Kg7 39. Ke5 Ba6 40. Ke6 Bc4 41. Bxc4 Nxc4 42. Ke7 Kh6 43. d5 Kg5 44. d6
Kf4 45. d7 Ne5 46. Ke8 Nxd7 47. Kxd7 Ke4 48. a4 Kd5 49. Kc7 Kc5 50. Kb7 h5
51. a5 g5 52. a6 Kc4 53. a7 Kxc3 54. a8=Q Kd2 55. Qd8+ Ke2 56. Qxg5 Kf2 57.
Qxh5 Kg1 58. Qd1+ Kh2 59. Kc6 Kg3 60. Kd5 Kh2 61. Ke4 Kg3 62. Qd6+ Kf2 63.
Kf4 Kg1 64. g4 Kh2 65. h4 Kh1 66. Qd2 Kg1 67. Kg3 Kf1 68. Qf2# { Black
checkmated } 1-0

[Event "ICC tourney 2530 (3 2)"]
[Site "Internet Chess Club"]
[Date "2021.04.23"]
[Round "7"]
[White "NATHAN, KAPIL:K12-15120535"]
[Black "SHETTY, DARSH:K09-16728985"]
[Result "1-0"]
[ICCResult "Black forfeits on time"]
[WhiteElo "1400"]
[BlackElo "1400"]
[Opening "Ruy Lopez: closed, 9.d4"]
[ECO "C91"]
[NIC "RL.20"]
[Time "19:47:59"]
[PlyCount "99"]
[TimeControl "180+2"]

1. e4 e5 2. Nf3 Nc6 3. Bb5 a6 4. Ba4 Nf6 5. O-O b5 6. Bb3 Be7 7. Re1 O-O 8.
c3 d6 9. d4 exd4 10. cxd4 Bg4 11. d5 Ne5 12. Nbd2 a5 13. h3 Nxf3+ 14. Nxf3
Bxf3 15. Qxf3 a4 16. Bc2 Nd7 17. Bf4 Bf6 18. Rab1 Ne5 19. Bxe5 dxe5 20. Bd3
Qd7 21. Qe2 Rab8 22. b3 axb3 23. Rxb3 b4 24. Reb1 Qa4 25. Rc1 Rfc8 26. g3
Bg5 27. Rc4 c6 28. dxc6 Rxc6 29. Rxc6 Qxc6 30. Qb2 Qc1+ 31. Qxc1 Bxc1 32.
Kf1 Bg5 33. h4 Be7 34. Ke2 f6 35. Bc4+ Kf8 36. a3 Ke8 37. axb4 Rxb4 38.
Rxb4 Bxb4 39. Bd5 Kd7 40. Kf3 Kd6 41. Kg4 Be1 42. f4 exf4 43. gxf4 g6 44.
h5 f5+ 45. Kf3 fxe4+ 46. Bxe4 gxh5 47. Bxh7 h4 48. Kg4 Bg3 49. f5 Ke5 50.
Bg8 { Black forfeits on time } 1-0

[Event "ICC tourney 2530 (3 2)"]
[Site "Internet Chess Club"]
[Date "2021.04.23"]
[Round "7"]
[White "SUN, YIMENG:K09-16513258"]
[Black "S SEALE, VLADIMIR:K09-30165604"]
[Result "1-0"]
[ICCResult "Black forfeits on time"]
[WhiteElo "1400"]
[BlackElo "1198"]
[Opening "Two knights defense (Modern bishop's opening)"]
[ECO "C55"]
[NIC "IG.01"]
[Time "19:47:58"]
[PlyCount "73"]
[TimeControl "180+2"]

1. e4 e5 2. Nf3 Nc6 3. Bc4 Nf6 4. d3 d6 5. Nc3 Be6 6. Bb3 Be7 7. O-O d5 8.
exd5 Nxd5 9. Bxd5 Bxd5 10. Nxd5 Qxd5 11. Re1 f6 12. Be3 e4 13. dxe4 Qxe4
14. Qe2 O-O-O 15. Rad1 g5 16. Rxd8+ Rxd8 17. Rd1 Rxd1+ 18. Qxd1 g4 19. Nd2
g3 20. hxg3 Nd4 21. Bxd4 Qxd4 22. Qe2 Kd8 23. Qd3 Bc5 24. Qxd4+ Bxd4 25. c3
Be5 26. Kf1 c5 27. f3 Bxg3 28. Nc4 f5 29. Ke2 f4 30. Kd3 Bh4 31. Ke4 Bg5
32. Ke5 Ke7 33. Kf5 Bh6 34. Kg4 Kf6 35. g3 fxg3 36. Kxg3 b5 37. Nd6 { Black
forfeits on time } 1-0

[Event "ICC tourney 2530 (3 2)"]
[Site "Internet Chess Club"]
[Date "2021.04.23"]
[Round "7"]
[White "ETHAN CHONG, JOSHUA:K09-15110220"]
[Black "CHANDRAN, HARISH:K09-15751871"]
[Result "1/2-1/2"]
[ICCResult "Game drawn by repetition"]
[WhiteElo "1400"]
[BlackElo "1400"]
[Opening "QGD semi-Slav: 5.e3"]
[ECO "D45"]
[NIC "SL.08"]
[Time "19:47:11"]
[PlyCount "109"]
[TimeControl "180+2"]

1. d4 d5 2. c4 c6 3. Nc3 e6 4. e3 Nf6 5. Nf3 Be7 6. Bd3 dxc4 7. Bxc4 b5 8.
Bb3 Bb7 9. O-O a6 10. e4 O-O 11. e5 Nd5 12. Ne4 Nd7 13. Bc2 c5 14. Neg5 h6
15. Nh7 cxd4 16. Nxf8 Nxf8 17. Qxd4 Rc8 18. Bb3 Bc5 19. Qg4 Ng6 20. h4 Nde7
21. h5 Bxf3 22. Qxf3 Nxe5 23. Qg3 Qd4 24. Bxh6 g6 25. Rfd1 Qe4 26. Re1 Qf5
27. Qxe5 Bxf2+ 28. Kh1 Bxe1 29. Qxf5 Nxf5 30. Rxe1 Nxh6 31. hxg6 Rf8 32.
gxf7+ Kxf7 33. Bxe6+ Kg7 34. Bb3 Nf7 35. Re7 Ra8 36. Rxf7+ Kg6 37. g4 a5
38. Bd5 Rd8 39. Be6 Rd6 40. Re7 Kf6 41. Rb7 Rxe6 42. Rxb5 Re2 43. b4 axb4
44. Rxb4 Rxa2 45. Kg1 Kg5 46. Kf1 Rh2 47. Kg1 Rc2 48. Kf1 Rd2 49. Rc4 Rb2
50. Kg1 Rd2 51. Kf1 Rb2 52. Kg1 Ra2 53. Kf1 Rb2 54. Kg1 Rd2 55. Kf1 { Game
drawn by repetition } 1/2-1/2

[Event "ICC tourney 2530 (3 2)"]
[Site "Internet Chess Club"]
[Date "2021.04.23"]
[Round "7"]
[White "ZONG, DAVIS:K09-14980186"]
[Black "WISNIOWSKI, NATALIE:K09-15702390"]
[Result "1-0"]
[ICCResult "Black checkmated"]
[WhiteElo "1400"]
[BlackElo "1400"]
[Opening "QGD semi-Slav: Meran variation"]
[ECO "D47"]
[NIC "SL.09"]
[Time "19:47:17"]
[PlyCount "119"]
[TimeControl "180+2"]

1. d4 d5 2. c4 c6 3. Nf3 Nf6 4. Nc3 e6 5. e3 Nbd7 6. Bd3 dxc4 7. Bxc4 b5 8.
Be2 a6 9. O-O Bb7 10. b3 Bd6 11. Bb2 O-O 12. e4 e5 13. dxe5 Nxe5 14. Qc2
Qc7 15. h3 Rac8 16. Rfd1 Rfd8 17. Rac1 Qe7 18. Nd4 g6 19. Nf3 Nxf3+ 20.
Bxf3 Be5 21. a4 b4 22. Nb1 a5 23. Nd2 Ba6 24. Bxe5 Qxe5 25. Nc4 Bxc4 26.
Qxc4 Rxd1+ 27. Rxd1 Kg7 28. Qa6 Rc7 29. Qb6 Nd7 30. Qe3 Nc5 31. h4 Ne6 32.
g3 c5 33. Be2 Nd4 34. Bc4 Re7 35. Bd5 Qf6 36. f4 Nf5 37. Qf3 Nd4 38. Qd3
Qb6 39. Kg2 Rc7 40. e5 Rd7 41. Be4 Re7 42. h5 Qc7 43. hxg6 fxg6 44. Rh1 Kg8
45. Qe3 Qd7 46. Bd3 Qe6 47. Bc4 Kg7 48. Bxe6 Rxe6 49. Qe4 Re7 50. Qd5 Nf5
51. Qxc5 Re8 52. Rd1 Rf8 53. Rd7+ Kg8 54. Qd5+ Kh8 55. Qb7 Kg8 56. g4 Ne3+
57. Kf3 Nd5 58. Rg7+ Kh8 59. Rxh7+ Kg8 60. Qg7# { Black checkmated } 1-0

[Event "ICC tourney 2530 (3 2)"]
[Site "Internet Chess Club"]
[Date "2021.04.23"]
[Round "7"]
[White "WILLIAM STONE, VINCENT:K09-15537233"]
[Black "KUSHALNAGAR, NIRUPAM:K12-17349316"]
[Result "1-0"]
[ICCResult "Black resigns"]
[WhiteElo "1400"]
[BlackElo "1400"]
[Opening "Sicilian: Labourdonnais-Löwenthal (Kalashnikov) variation"]
[ECO "B32"]
[NIC "SI.32"]
[Time "19:47:05"]
[PlyCount "155"]
[TimeControl "180+2"]

1. e4 c5 2. Nf3 Nc6 3. d4 cxd4 4. Nxd4 e5 5. Nb5 d6 6. N1c3 a6 7. Na3 b5 8.
Nd5 Be7 9. Nxe7 Qxe7 10. c4 b4 11. Nc2 Nf6 12. Bd3 h6 13. h3 O-O 14. Be3
Be6 15. Qd2 Rab8 16. O-O Na5 17. b3 Nc6 18. Rfd1 Rfd8 19. f3 Nh5 20. Bf1
Qf6 21. Ne1 Qg6 22. g4 Nf4 23. Bxf4 exf4 24. Qxf4 Ne5 25. c5 h5 26. Rxd6
Rxd6 27. cxd6 Nd7 28. Bd3 hxg4 29. e5 Qh5 30. hxg4 Qxe5 31. Qxe5 Nxe5 32.
Bxa6 Rb6 33. Be2 Rxd6 34. Rd1 Rxd1 35. Bxd1 Bd5 36. Kf2 Kf8 37. Ke3 Nc6 38.
Be2 Ke7 39. Bb5 Kd6 40. Bxc6 Kxc6 41. Nc2 Kc5 42. f4 g6 43. g5 Be6 44. Nd4
Bc8 45. Nf3 Bf5 46. Kd2 Bb1 47. Kc1 Be4 48. Ne5 Bd5 49. Nd3+ Kb5 50. Kb2
Be6 51. a4+ bxa3+ 52. Kxa3 Bf5 53. Ne5 Be6 54. b4 Bd5 55. Ng4 Be6 56. Ne3
Bh3 57. Nd5 Bf5 58. Ne3 Be6 59. Nc2 Bf5 60. Nd4+ Kc4 61. Nxf5 gxf5 62. Ka4
Kd5 63. Ka5 Kc6 64. Ka6 Kd5 65. b5 Ke4 66. b6 Kxf4 67. b7 Kg4 68. b8=Q f4
69. Qe5 Kg3 70. Qf6 Kf3 71. Qxf7 Kf2 72. Qxf4+ Ke1 73. Qh2 Kf1 74. Qd2 Kg1
75. Qe2 Kh1 76. Kb5 Kg1 77. Kc4 Kh1 78. Kd4 { Black resigns } 1-0